 Dungeon Crawl Stone Soup version 0.29-a0-550-g81e455f4c2 (webtiles) character file.

Game seed: 13755556543346936206

1143 Morbidden the Cutter (level 8, -6/60 HPs)
             Began as a Demonspawn Brigand on June 5, 2022.
             Was an Initiate of Dithmenos.
             Mangled by an orc warrior
             ... wielding a +0 battleaxe
              (22 damage)
             ... on level 6 of the Dungeon.
             The game lasted 00:06:02 (6531 turns).

Morbidden the Cutter (Demonspawn Brigand)           Turns: 6531, Time: 00:06:03

Health: -6/60      AC:  3    Str: 11    XL:     8   Next: 15%
Magic:  20/20      EV: 13    Int: 14    God:    Dithmenos [......]
Gold:   333        SH:  6    Dex: 16    Spells: 0/11 levels left

rFire   . . .      SeeInvis .   a - +5 dagger (spect)
rCold   . . .      Faith    +   (no shield)
rNeg    . . .      Spirit   .   b - +0 robe
rPois   .          Reflect  .   (no helmet)
rElec   .          Harm     .   h - scarf {repulsion}
rCorr   .          Rampage  .   p - +0 pair of gloves
Will    .....                   (no boots)
Stlth   +++.......              k - amulet of faith
HPRegen 0.20/turn               o - ring of magical power
MPRegen 0.17/turn               (no ring)

@: repel missiles
A: large bone plates 2, demonic touch 1
a: Renounce Religion


You were on level 6 of the Dungeon.
You worshipped Dithmenos.
Dithmenos was noncommittal.
You visited 1 branch of the dungeon, and saw 6 of its levels.
You also visited: Sewer.

You collected 333 gold pieces.

Inventory:

Hand Weapons
 a - a +5 spectral dagger (weapon)
Missiles
 d - 21 poisoned darts
 e - 2 curare-tipped darts (quivered)
 w - 2 throwing nets
Armour
 b - a +0 robe (worn)
 h - a scarf of repulsion (worn)
 p - a +0 pair of gloves (worn)
Jewellery
 k - an amulet of faith (around neck)
 o - a ring of magical power (left hand)
 x - a ring of wizardry
Wands
 z - a wand of paralysis (7)
Scrolls
 c - 2 scrolls of blinking
 g - 3 scrolls of identify
 i - 2 scrolls of teleportation
 m - 2 scrolls of enchant armour {unknown}
 n - a scroll of amnesia
 s - a scroll of summoning {unknown}
 y - a scroll of vulnerability {unknown}
 A - a scroll of torment {unknown}
 C - a scroll of fog {unknown}
Potions
 f - a potion of berserk rage {unknown}
 j - 2 potions of cancellation {unknown}
 l - 2 potions of heal wounds
 q - 2 potions of lignification {unknown}
 r - a potion of curing
 t - 3 potions of degeneration {unknown}
 u - a potion of haste {unknown}
 v - a potion of brilliance {unknown}
 B - 2 potions of flight


   Skills:
 * Level 4.2 Fighting
 * Level 4.9 Short Blades
 + Level 1.7 Throwing
 * Level 2.9 Armour
 * Level 3.3 Dodging
 + Level 4.8 Stealth
 + Level 1.3 Shields
 * Level 2.4 Spellcasting
 * Level 1.9 Invocations


You couldn't memorise any spells.
You knew the following spells:

 Your Spells              Type           Power      Damage    Failure   Level
a - Orb of Destruction    Conj           0%         9d5       100%        7
b - Olgreb's Toxic Radia  Pois           1%         N/A       92%         4

Your spell library contained the following spells:

 Spells                   Type           Power      Damage    Failure   Level
 Conjure Flame            Conj/Fire      1%         6-21      56%         3
 Inner Flame              Hex/Fire       1%         N/A       56%         3
 Summon Guardian Golem    Hex/Summ       1%         N/A       56%         3
 Flame Wave               Conj/Fire      1%         2d4       92%         4
 Spellforged Servitor     Conj/Summ      0%         N/A       100%        7


Dungeon Overview and Level Annotations

Branches:
Dungeon (6/15)             Temple (0/1) D:6           Sewer (visited)

Altars:
Dithmenos

Annotations:
D:6 Heedrag's ghost, novice MiFi


Innate Abilities, Weirdness & Mutations

You are mostly covered in large bone plates. (SH +6)
Your touch may inflict minor irresistible damage on your foes.


Message History

You are too confused!
You are too confused!
Unknown command.
The adder hisses angrily.
You bump into the rock wall.
The white imp shouts, "Quail, thou peaked milk-livered clack-dish!"
You bump into the rock wall.
The orc shouts!
Something shouts, "Quit, thou hateful folly-fallen gonus!"
The orc wizard hits you with a +0 dagger of protection.
The orc attacks as you move away! The orc closely misses you.
The orc warrior closely misses you.
The orc wizard gestures wildly while chanting.
The orc wizard flickers and vanishes!
Deactivating autopickup; reactivate with Ctrl-A.
Unknown command.
Something hits you but does no damage. The orc attacks as you move away!
The orc misses you.
The orc warrior attacks as you move away!
The orc warrior hits you with a +0 battleaxe!
Unknown command.
You bump into the rock wall.
The orc warrior hits you with a +0 battleaxe!!
* * * LOW HITPOINT WARNING * * *
Unknown command.
You feel better. The orc warrior barely misses you.
Unknown command.
Unknown command.
Unknown command.
Okay, then.
Throw: 3 darts (curare)
Press: ? - help, Q - select action, (/) - cycle Shift-Dir - straight line, f - orc warrior
Aim: an orc warrior, wielding a +0 battleaxe and wearing a +0 plate armour (62% to hit)
You throw a curare-tipped dart.
The curare-tipped dart hits the orc warrior.
The orc warrior is poisoned.
The orc warrior convulses.
The orc warrior seems to slow down.
The orc warrior is lightly wounded.
The orc warrior hits you with a +0 battleaxe!!
You die...

#. #... #.###... #.#....#
#.#.###. ## #### ###
#.#.#### .. ..#
##.####.#..... #. #S#
##.#.##...#....
###.##o####.###.#.#...##.
#....o.o@..## ##......###
###..#5##.## ##.##.....
#.....###.#####.###.....
..o##### #.....## ######
...## ##.#.## ## <# #...#
#. #######.## #.
........##### #.
....<.......######.


You could see an orc warrior (very poisoned, slow), a white imp and 2 orcs.

Vanquished Creatures
  Prince Ribbit (D:6)
  An ice beast (D:6)
  2 centaurs
  A kobold brigand (Sewer)
  A bullfrog (D:6)
  3 scorpions
  A necrophage (D:5)
  3 hounds
  An orc priest (D:3)
  An iguana (D:5)
  An orc wizard (D:4)
  6 adders
  A river rat (Sewer)
  A white imp (D:5)
  3 dart slugs
  8 orcs
  4 ball pythons
  7 endoplasms
  2 giant cockroaches
  10 goblins
  9 hobgoblins
  4 jackals (Sewer)
  7 kobolds
  5 quokkas
  2 bats (D:2)
  6 frilled lizards
  10 rats
101 creatures vanquished.

Notes
Turn   | Place    | Note
-------+----------+-------------------------------------------
     0 | D:1      | Morbidden the Demonspawn Brigand began the quest for the
                  | Orb.
     0 | D:1      | Reached XP level 1. HP: 16/16 MP: 1/1
    13 | D:1      | Got the Grimoire of Contamination and the Arsonist
   330 | D:1      | Gained mutation: You are partially covered in large bone
                  | plates. (SH +4) [demonic ancestry]
   330 | D:1      | Reached XP level 2. HP: 17/22 MP: 2/2
   469 | D:1      | Reached skill level 1 in Dodging
   981 | D:1      | Found a faded altar of an unknown god.
  1077 | D:1      | Reached XP level 3. HP: 27/27 MP: 3/3
  1544 | D:2      | Reached skill level 1 in Armour
  2349 | D:3      | Reached XP level 4. HP: 16/33 MP: 5/5
  3872 | D:4      | Reached skill level 1 in Spellcasting
  3910 | D:4      | Reached XP level 5. HP: 12/39 MP: 6/6
  4462 | D:5      | Entered Level 5 of the Dungeon
  4894 | D:5      | Reached XP level 6. HP: 46/46 MP: 8/8
  5320 | D:5      | Gained mutation: You are mostly covered in large bone
                  | plates. (SH +6) [demonic ancestry]
  5320 | D:5      | Reached XP level 7. HP: 52/52 MP: 9/9
  5827 | D:6      | Found a shadowy altar of Dithmenos.
  5835 | D:6      | Became a worshipper of Dithmenos the Shadowed
  5850 | D:6      | Found a glowing drain.
  5859 | Sewer    | Entered a sewer
  6224 | D:6      | Reached skill level 1 in Shields
  6265 | D:6      | Noticed Heedrag's ghost (novice MiFi)
  6271 | D:6      | Found a staircase to the Ecumenical Temple.
  6273 | D:6      | Noticed Prince Ribbit
  6283 | D:6      | Killed Prince Ribbit
  6284 | D:6      | Reached skill level 1 in Invocations
  6284 | D:6      | Gained mutation: Your touch may inflict minor irresistible
                  | damage on your foes. [demonic ancestry]
  6284 | D:6      | Reached XP level 8. HP: 51/60 MP: 11/11
  6444 | D:6      | Learned a level 7 spell: Orb of Destruction
  6449 | D:6      | Learned a level 4 spell: Olgreb's Toxic Radiance
  6531 | D:6      | Mangled by an orc warrior

Illustrated notes

Levels and vault maps discovered:
D:1:      minmay_arrival_glassed_features, layout_basic,
          ebering_ecumenical_altar_mist
D:2:      layout_loops_cross
D:3:      layout_loops_ring
D:4:      layout_basic
D:5:      layout_loops_corners, nicolae_underground_beach
D:6:      layout_loops_cross, nicolae_dithmenos_shadow_blocks, tgw_sif,
          minmay_temple_entry_arrows, portal_sewer_entry_d,
          hellmonk_ghost_happy_afterlife, minmay_between, uniq_prince_ribbit1

Skill      XL: |  1  2  3  4  5  6  7 |
---------------+----------------------+-----
Dodging        | 1 2 3 |  3.3
Stealth        | 4 |  4.8
Short Blades   | 2 3 4 |  4.9
Armour         | 1 2 |  2.9
Spellcasting   | 1 2 |  2.4
Fighting       | 3 4 |  4.2
Shields        | 1 |  1.3
Invocations    | 1 |  1.9
Throwing       | |  1.7

Action                   |  1- 3 |  4- 6 |  7- 9 || total
-------------------------+-------+-------+-------++-------
Melee: Dagger            |   141 |   108 |    68 ||   317
       Punch             |     1 |     2 |     1 ||     4
       Touch             |       |       |     2 ||     2
Throw: Dart              |       |       |     1 ||     1
  Use: Scroll            |       |     7 |       ||     7
       Potion            |       |       |     1 ||     1
 Stab: Sleeping          |     9 |     6 |     1 ||    16
Armor: Robe              |    16 |    18 |    13 ||    47
Dodge: Dodged            |    76 |    37 |    26 ||   139
       Repelled          |     1 |       |       ||     1
Block: Other             |    31 |    12 |    17 ||    60

Table legend: (Time is in decaauts)
 A = Elapsed time spent in this place.
 B = Non-inter-level travel time spent in this place.
 C = Inter-level travel time spent in this place.
 D = Time resting spent in this place.
 E = Time spent auto-exploring this place.
 F = Levels seen in this place.
 G = Mean time per level.
                   A        B        C        D        E       F      G
               +--------+--------+--------+--------+--------+-----+--------+
         Total |   6517 |   6364 |    153 |    788 |   4686 |   7 |  931.0 |
       Dungeon |   6154 |   6001 |    153 |    788 |   4382 |   6 | 1025.7 |
         Sewer |    362 |    362 |      0 |      0 |    303 |   1 |  362.0 |
               +--------+--------+--------+--------+--------+-----+--------+

Top non-repeatable levels by time:
     D:3: 1298 daAuts
     D:5: 1275 daAuts
     D:2: 1185 daAuts
     D:1: 1089 daAuts
     D:4: 896 daAuts
     D:6: 408 daAuts
   Sewer: 362 daAuts
